 Dungeon Sprint DCSS version 0.28-a0-919-g0b5b508569 (webtiles) character file.

Game seed: 15108219261003390658

1124 SmokeWeed the Protected (level 8, -7/74 HPs)
             Began as a Minotaur Gladiator on Nov 26, 2021.
             Was a Priest of Okawaru.
             Mangled by a fire elemental (10 damage)
             ... summoned by a deep elf pyromancer
             ... in the Dungeon (Sprint IX: "|||||||||||||||||||||||||||||").
             The game lasted 00:05:16 (340 turns).

SmokeWeed the Protected (Minotaur Gladiator)         Turns: 340, Time: 00:05:16

Health: -7/74      AC: 14    Str: 22    XL:     8   Next: 13%
Magic:  4/7        EV: 18    Int:  5    God:    Okawaru [***...]
Gold:   0          SH:  0    Dex: 14    Spells: 7/7 levels left

rFire   . . .      SeeInvis .   n - +2 scimitar "Jellyslayer" {speed, rN+ Stlth+}
rCold   . . .      Faith    .   (no shield)
rNeg    + . .      Spirit   .   p - +2 ring mail
rPois   .          Reflect  .   c - +0 hat
rElec   .          Harm     .   a - +0 cloak
rCorr   .          Rampage  .   (no gloves)
Will    .....      NoTele   +   (no boots)
Stlth   +++.......              (no amulet)
HPRegen 0.22/turn               q - +3 ring of dexterity
MPRegen 0.10/turn               r - +2 ring of protection

@: heroic
A: horns 2, retaliatory headbutt
a: Renounce Religion, Heroism


You were in the Dungeon.
You worshipped Okawaru.
Okawaru was most pleased with you.
You visited 1 branch

Inventory:

Hand Weapons
 n - the +2 scimitar "Jellyslayer" (weapon) {speed, rN+ Stlth+}
   (You found it in the Dungeon)

   Attacks with this weapon are significantly faster.
   rN:        It protects you from negative energy.
   Stlth:     It makes you more stealthy.
Armour
 a - a +0 cloak (worn)
 c - a +0 hat (worn)
 p - a +2 ring mail (worn)
Jewellery
 q - a +3 ring of dexterity (left hand)
 r - a +2 ring of protection (right hand)
Wands
 m - a wand of iceblast (10)
Scrolls
 j - 2 scrolls of blinking
 l - 2 scrolls of amnesia
Potions
 e - 5 potions of curing
 f - 3 potions of heal wounds
 h - 4 potions of magic
 k - a potion of invisibility


   Skills:
 + Level 8.2(13.2) Fighting
 + Level 9.9(14.9) Long Blades
 - Level 6.0(11.0) Maces & Flails
 + Level 4.9(9.9) Throwing
 * Level 12.7(17.7) Armour
 + Level 9.0(14.0) Dodging


You had 7 spell levels left.
You didn't know any spells.
Your spell library was empty.

Dungeon Overview and Level Annotations

Branches:
Dungeon (1/1)

Altars:
Cheibriados
Dithmenos
Elyvilon
Fedhas
Gozag
Hepliaklqana
Kikubaaqudgha
Makhleb
Nemelex Xobeh
Okawaru
Qazlal
Ru
Sif Muna
Trog
Uskayaw
Vehumet
Wu Jian
Xom
Yredelemnul
Zin
The Shining One
Beogh
Jiyva
Lugonu


Innate Abilities, Weirdness & Mutations

You have a pair of horns on your head.
You reflexively headbutt those who attack you in melee.


Message History

The ten-headed hydra bites you but does no damage. x2
You barely miss the ten-headed hydra. You headbutt the ten-headed hydra!
The ten-headed hydra is almost dead.
You lop one of the ten-headed hydra's heads off!
The nine-headed hydra grows two more!
You slice the 11-headed hydra!!
You kill the 11-headed hydra!
Okawaru is honoured by your kill.
Okawaru will now gift you ammunition as you gain piety.
The deep elf pyromancer mumbles some strange words.
The deep elf pyromancer blinks!
Your base Fighting skill increases to level 8!
Your base Long Blades skill increases to level 9!
Your base Throwing skill increases to level 4!
Your base Armour skill increases to level 12!
Your base Dodging skill gained 3 levels and is now at level 9!
You have reached level 8!
You feel stronger.
You hit the gargoyle but do no damage. You hit the gargoyle.
You punch the gargoyle.
The gargoyle is lightly damaged.
The gargoyle misses you.
You hit the gargoyle but do no damage.
The gargoyle is lightly damaged.
You barely miss the gargoyle.
The gargoyle is lightly damaged.
The gargoyle hits you with a +0 mace.
* * * LOW HITPOINT WARNING * * *
You hit the gargoyle.
The gargoyle is heavily damaged.
The deep elf pyromancer is engulfed in blazing flames.
The fire elemental barely misses you. You furiously retaliate!
You headbutt the fire elemental. You hit the gargoyle but do no damage.
The gargoyle is heavily damaged.
You hit the gargoyle but do no damage. Your headbutt misses the gargoyle.
The gargoyle is heavily damaged.
The gargoyle barely misses you. You furiously retaliate!
You headbutt the gargoyle, but do no damage.
The fire elemental hits you. The fire elemental burns you!
You die... ▓▓▓▓▓▓▓▓▓▓▓▓▓▓▓▓▓▓▓▓▓▓▓▓ ...{gW9@Ee○).†.[....)..' ▓▓▓▓▓▓▓▓▓▓▓▓▓▓▓▓▓▓▓▓▓▓▓▓

You could see a deep elf pyromancer, a fire elemental (summoned), a wraith, a gargoyle and a gnoll sergeant.

Vanquished Creatures
  A hydra (D)
  2 yaks (D)
  An orc warrior (D)
  A centaur (D)
  A killer bee (D)
  A hound (D)
  A ball python (D)
  A bat (D)
  A bat skeleton (D)
  A bat zombie (D)
  An endoplasm (D)
  A giant cockroach (D)
  A hobgoblin (D)
  A ball python skeleton (D)
  A ball python zombie (D)
  A jackal zombie (D)
17 creatures vanquished.

Notes
Turn   | Place    | Note
-------+----------+-------------------------------------------
     0 | D        | SmokeWeed the Minotaur Gladiator began the quest for the
                  | Orb.
     0 | D        | Reached XP level 1. HP: 18/18 MP: 0/0
    16 | D        | Noticed a hound
    18 | D        | Reached XP level 2. HP: 26/26 MP: 1/1
    27 | D        | Reached skill level 5 in Maces & Flails
    27 | D        | Reached skill level 1 in Armour
    27 | D        | Reached skill level 5 in Dodging
    27 | D        | Reached XP level 3. HP: 14/31 MP: 2/2
   197 | D        | Found a snail-covered altar of Cheibriados.
   197 | D        | Found a shadowy altar of Dithmenos.
   197 | D        | Found a white marble altar of Elyvilon.
   197 | D        | Found a blossoming altar of Fedhas.
   197 | D        | Found an opulent altar of Gozag.
   198 | D        | Found a hazy altar of Hepliaklqana.
   199 | D        | Found a viscous altar of Jiyva.
   200 | D        | Found an ancient bone altar of Kikubaaqudgha.
   201 | D        | Found a corrupted altar of Lugonu.
   202 | D        | Found a burning altar of Makhleb.
   203 | D        | Found a sparkling altar of Nemelex Xobeh.
   204 | D        | Found an iron altar of Okawaru.
   205 | D        | Found a stormy altar of Qazlal.
   206 | D        | Found a sacrificial altar of Ru.
   207 | D        | Found a shimmering blue altar of Sif Muna.
   208 | D        | Found a bloodstained altar of Trog.
   209 | D        | Found a hide-covered altar of Uskayaw.
   210 | D        | Found a radiant altar of Vehumet.
   211 | D        | Found an ornate altar of the Wu Jian Council.
   212 | D        | Became a worshipper of Warmaster Okawaru
   213 | D        | Found a shimmering altar of Xom.
   214 | D        | Found a basalt altar of Yredelemnul.
   215 | D        | Found a glowing silver altar of Zin.
   216 | D        | Found a glowing golden altar of the Shining One.
   232 | D        | Got the +2 scimitar "Jellyslayer" {speed, rN+ Stlth+}
   263 | D        | Noticed a yak
   263 | D        | Noticed a yak
   263 | D        | Noticed a centaur
   263 | D        | Noticed an orc warrior
   263 | D        | Noticed a killer bee
   264 | D        | Killed a killer bee
   265 | D        | Reached XP level 4. HP: 45/45 MP: 3/3
   268 | D        | Killed an orc warrior
   269 | D        | Reached XP level 5. HP: 51/51 MP: 4/4
   272 | D        | Killed a centaur
   272 | D        | Reached * piety under Okawaru
   273 | D        | Reached skill level 6 in Armour
   280 | D        | Killed a yak
   281 | D        | Reached skill level 11 in Armour
   281 | D        | Reached XP level 6. HP: 47/58 MP: 2/5
   286 | D        | Killed a yak
   286 | D        | Reached ** piety under Okawaru
   287 | D        | Reached XP level 7. HP: 54/66 MP: 2/6
   326 | D        | Noticed a wraith
   326 | D        | Noticed a gargoyle
   326 | D        | Noticed a deep elf pyromancer
   326 | D        | Noticed a seven-headed hydra
   332 | D        | Noticed a fire elemental
   333 | D        | Killed an 11-headed hydra
   333 | D        | Reached *** piety under Okawaru
   334 | D        | Reached skill level 12 in Armour
   334 | D        | Reached XP level 8. HP: 9/74 MP: 4/7
   337 | D        | HP: 3/74 [gargoyle (6)]
   340 | D        | Mangled by a fire elemental

Illustrated notes

Levels and vault maps discovered:
D:        linesprint [early_d, line_temple, items_1, d_10, items_2, lair_1,
          lair_end, items_3, orc_1, orc_end, items_4, d_15, swamp_1, shoals_1,
          snake_1, spider_1, d_20, vaults_1, items_5, swamp_end, shoals_end,
          snake_end, spider_end, vaults_end, d_27, items_6, zot_1, zot_end,
          crypt_end, forest_end, elf_end, slime_end, tomb_end, abyss_end,
          pan_hell_end]

Skill      XL: |  1  2  3  4  5  6  7 |
---------------+----------------------+-----
Maces & Flails | 4 5 6 |  6.0
Dodging        | 4 5 6 9 |  9.0
Fighting       | 3 6 7 8 |  8.2
Armour         | 1 11 12 | 12.7
Long Blades    | 8 9 |  9.9
Throwing       | 3 4 |  4.9

Action                   |  1- 3 |  4- 6 |  7- 9 || total
-------------------------+-------+-------+-------++-------
Melee: Flail             |    16 |       |       ||    16
       Headbutt          |     3 |     6 |     3 ||    12
       Scimitar          |     1 |    16 |    12 ||    29
       Punch             |       |       |     2 ||     2
Throw: Throwing net      |     3 |     1 |     1 ||     5
Invok: Heroism           |       |     1 |     1 ||     2
  Use: Potion            |     2 |       |       ||     2
 Stab: Held in net/web   |       |     2 |       ||     2
Armor: Leather armour    |     6 |       |       ||     6
       Ring mail         |       |     4 |     6 ||    10
Dodge: Dodged            |    12 |     5 |    14 ||    31

Table legend: (Time is in decaauts)
 A = Elapsed time spent in this place.
 B = Non-inter-level travel time spent in this place.
 C = Inter-level travel time spent in this place.
 D = Time resting spent in this place.
 E = Time spent auto-exploring this place.
 F = Levels seen in this place.
 G = Mean time per level.
                   A        B        C        D        E       F      G
               +--------+--------+--------+--------+--------+-----+--------+
         Total |    321 |    321 |      0 |    159 |      0 |   1 |  321.0 |
       Dungeon |    321 |    321 |      0 |    159 |      0 |   1 |  321.0 |
               +--------+--------+--------+--------+--------+-----+--------+

Top non-repeatable levels by time:
       D: 321 daAuts
